 Dungeon Crawl Stone Soup version 0.26-a0-663-g36e8fdb655 (webtiles) character file.

Game seed: 9506660807893003355

1016 corevian the Slasher (level 8, -1/71 HPs)
             Began as a Minotaur Gladiator on Oct 12, 2020.
             Slain by Pikel
             ... wielding a +1 whip of flaming
              (4 damage)
             ... on level 6 of the Dungeon.
             The game lasted 00:06:29 (5568 turns).

corevian the Slasher (Minotaur Gladiator)           Turns: 5568, Time: 00:06:29

Health: -1/71      AC:  6    Str: 20    XL:     8   Next: 1%
Magic:  7/7        EV:  8    Int:  5    God:
Gold:   315        SH:  7    Dex: 13    Spells: 7/7 levels left

rFire    . . .     SeeInvis .   v - +1 falchion (vamp)
rCold    + . .     Faith    .   E - +0 kite shield
rNeg     . . .     Spirit   .   A - +0 scale mail
rPois    .         Reflect  .   c - +0 hat
rElec    .         Harm     .   (no cloak)
rCorr    .         Rampage  .   (no gloves)
MR       .....                  (no boots)
Stlth    ..........             z - amulet "Tolizx Bute" {Acrobat rC+}
HPRegen  0.21/turn              B - +4 ring of slaying
MPRegen  0.10/turn              (no ring)

@: about to teleport, flying
A: retaliatory headbutt, horns 2
a: no special abilities


You were on level 6 of the Dungeon.
You visited 1 branch of the dungeon, and saw 6 of its levels.

You collected 315 gold pieces.

Inventory:

Hand Weapons
 a - a +0 war axe
 v - a +1 vampiric falchion (weapon)
Missiles
 d - 3 throwing nets (quivered)
Armour
 b - a +0 leather armour
 c - a +0 hat (worn)
 q - a +0 ring mail
 A - a +0 scale mail (worn)
 E - a +0 kite shield (worn)
Jewellery
 z - the amulet "Tolizx Bute" (around neck) {Acrobat rC+}
   (You found it on level 4 of the Dungeon)

   [amulet of the acrobat]

   It helps you evade while moving and waiting.
   It protects you from cold.
 B - a +4 ring of slaying (left hand)
Wands
 i - a wand of digging (5)
 k - a wand of acid (8)
 s - a wand of paralysis (11)
Scrolls
 e - 5 scrolls of identify
 h - a scroll of noise {unknown}
 n - a scroll of blinking {unknown}
 o - 2 scrolls of remove curse
 r - a scroll of random uselessness
 t - 3 scrolls of fear
 u - a scroll of teleportation
 w - 2 scrolls of enchant weapon {unknown}
 y - 2 scrolls of fog {unknown}
 D - a scroll of magic mapping {unknown}
 F - a scroll of amnesia {unknown}
Potions
 f - a potion of resistance {unknown}
 g - a potion of berserk rage {unknown}
 j - a potion of lignification {unknown}
 l - 3 potions of brilliance
 x - a potion of stabbing {unknown}
 C - a potion of invisibility {unknown}


   Skills:
 + Level 6.4 Fighting
 * Level 7.8 Long Blades
 - Level 5.3 Axes
 - Level 2.2 Throwing
 - Level 0.9 Armour
 - Level 3.8 Dodging


You had 7 spell levels left.
You didn't know any spells.
Your spell library was empty.

Dungeon Overview and Level Annotations

Branches:
Dungeon (6/15)
 Temple: D:4-7

Altars:
Cheibriados
Gozag
Ru
Xom

Shops:
D:4 [

Annotations:
D:6 Pikel


Innate Abilities, Weirdness & Mutations

You reflexively headbutt those who attack you in melee.
You have a pair of horns on your head.


Message History

You block the lemure's attack.
As you read the scroll labeled FOWESMO LUACRO, it crumbles to dust.
You feel strangely unstable.
It was a scroll of teleportation.
Pikel hits you with a +1 whip of flaming.
* * * LOW HITPOINT WARNING * * *
Pikel burns you.
* * * LOW HITPOINT WARNING * * *
The lemure hits you!
* * * LOW HITPOINT WARNING * * *
You feel better.
Pikel hits you with a +1 whip of flaming.
* * * LOW HITPOINT WARNING * * *
Pikel burns you.
* * * LOW HITPOINT WARNING * * *
The lemure hits you.
* * * LOW HITPOINT WARNING * * *
You hit Pikel.
Pikel is moderately wounded.
Pikel hits you with a +1 whip of flaming.
You die...

#.###.....# ##...####
##...##.### ##.....## #...#
######..#####.......## ##..##
...........#.........####...##
...........+.........+.......#
.###....##.#.........##[....##
#.#.[##.##.......# #.###.#
#....##.# #!?K5.# #.# #.#
#.#.###.# #.@.# #.###.# #.#.#
#.# ##'## #.....# .###.#.###.#
#.# ####.## ...........###
#.#########.#
#.........###.#.........#
#.#######.##....######### #.#
#.#......# #.##### #.##.....#
#.....###.##..#..#


You could see Pikel (strong) and a lemure.

Vanquished Creatures
  Edmund (D:6)
  A sky beast (D:6)
  2 ogres (D:6)
  A centaur (D:6)
  3 lemures (D:6)
  A howler monkey (D:5)
  A bullfrog zombie (D:6)
  2 hounds
  2 orc wizards
  A centaur skeleton (D:4)
  4 worker ants
  2 iguanas (D:5)
  A hound skeleton (D:3)
  A worker ant zombie (D:5)
  3 gnolls (D:6)
  A howler monkey skeleton (D:6)
  4 adders
  A white imp (D:5)
  An adder skeleton (D:3)
  2 worms
  A dart slug (D:6)
  6 leopard geckos
  13 orcs
  7 giant cockroaches
  7 goblins
  7 hobgoblins
  3 kobolds
  7 bats
  7 frilled lizards
  A leopard gecko zombie (D:3)
  6 rats
100 creatures vanquished.

Vanquished Creatures (others)
  3 withered plants (D:3)
3 creatures vanquished.

Grand Total: 103 creatures vanquished

Notes
Turn   | Place    | Note
-------+----------+-------------------------------------------
     0 | D:1      | corevian the Minotaur Gladiator began the quest for the
                  | Orb.
     0 | D:1      | Reached XP level 1. HP: 18/18 MP: 0/0
   152 | D:1      | Reached XP level 2. HP: 17/25 MP: 1/1
   816 | D:2      | Found a sacrificial altar of Ru.
   972 | D:2      | Reached XP level 3. HP: 29/30 MP: 2/2
  1962 | D:3      | Reached XP level 4. HP: 37/37 MP: 3/3
  2129 | D:3      | Reached skill level 5 in Axes
  2503 | D:3      | Reached skill level 1 in Long Blades
  2503 | D:3      | Reached XP level 5. HP: 19/45 MP: 4/4
  2762 | D:4      | Reached skill level 2 in Long Blades
  2977 | D:4      | Found Ytuafom's Antique Armour Emporium.
  2985 | D:4      | Got a translucent sapphire amulet
  3002 | D:4      | Identified the amulet "Tolizx Bute" {Acrobat rC+} (You
                  | found it on level 4 of the Dungeon)
  3039 | D:4      | Reached skill level 3 in Long Blades
  3309 | D:4      | Found an opulent altar of Gozag.
  3535 | D:5      | Entered Level 5 of the Dungeon
  3705 | D:5      | Reached XP level 6. HP: 49/52 MP: 5/5
  3751 | D:5      | Reached skill level 4 in Long Blades
  3888 | D:5      | Found a shimmering altar of Xom.
  4325 | D:5      | Reached skill level 5 in Long Blades
  4759 | D:6      | Found a snail-covered altar of Cheibriados.
  4775 | D:6      | Reached skill level 5 in Fighting
  4924 | D:6      | Noticed a sky beast
  4936 | D:6      | Reached XP level 7. HP: 52/61 MP: 6/6
  4951 | D:6      | Reached skill level 6 in Long Blades
  5091 | D:6      | Noticed Edmund
  5102 | D:6      | Killed Edmund
  5102 | D:6      | Reached skill level 7 in Long Blades
  5182 | D:6      | Reached XP level 8. HP: 21/71 MP: 7/7
  5552 | D:6      | Noticed Pikel
  5566 | D:6      | HP: 3/71 [lemure[Pikel] (8)]
  5568 | D:6      | Slain by Pikel

Illustrated notes

Levels and vault maps discovered:
D:1:      wander_arrival_abandoned_jail, layout_loops_cross
D:2:      layout_basic, old_standard_altar
D:3:      layout_basic, serial_undead, serial_undead_e, serial_undead_c,
          serial_undead_f, serial_undead_c
D:4:      layout_cave_pools, lemuel_doored_altar, serial_shops,
          nicolae_shop_overgrown_old_shop
D:5:      layout_basic, tgw_xom
D:6:      layout_loops_corners, corexii_leaking_fountain,
          kennysheep_slug_shrine, uniq_pikel, uniq_edmund

Skill      XL: |  1  2  3  4  5  6  7 |
---------------+----------------------+-----
Axes           | 4 5 |  5.3
Fighting       | 3 4 5 6 |  6.4
Long Blades    | 1 3 5 7 |  7.8
Throwing       | |  2.2
Armour         | |  0.9
Dodging        | |  3.8

Action                   |  1- 3 |  4- 6 |  7- 9 || total
-------------------------+-------+-------+-------++-------
Melee: War axe           |    74 |    26 |       ||   100
       Headbutt          |     6 |    27 |    13 ||    46
       Falchion          |       |   107 |    43 ||   150
  Use: Potion            |     1 |       |     4 ||     5
       Scroll            |       |       |     4 ||     4
Armor: Leather armour    |    18 |       |       ||    18
       Ring mail         |     7 |    24 |       ||    31
       Scale mail        |       |    24 |    15 ||    39
Dodge: Dodged            |    62 |    96 |    15 ||   173
Block: Kite shield       |       |     7 |    14 ||    21
       Rpst.: Falchion   |       |    26 |     6 ||    32

Table legend: (Time is in decaauts)
 A = Elapsed time spent in this place.
 B = Non-inter-level travel time spent in this place.
 C = Inter-level travel time spent in this place.
 D = Time resting spent in this place.
 E = Time spent auto-exploring this place.
 F = Levels seen in this place.
 G = Mean time per level.
                   A        B        C        D        E       F      G
               +--------+--------+--------+--------+--------+-----+--------+
         Total |   5616 |   5214 |    402 |     49 |   4562 |   6 |  936.0 |
       Dungeon |   5616 |   5214 |    402 |     49 |   4562 |   6 |  936.0 |
               +--------+--------+--------+--------+--------+-----+--------+

Top non-repeatable levels by time:
     D:5: 1104 daAuts
     D:3: 1055 daAuts
     D:2: 1012 daAuts
     D:6: 820 daAuts
     D:4: 812 daAuts
     D:1: 812 daAuts
